 Dungeon Crawl Stone Soup version 0.23.2-40-g277498a001 (webtiles) character file.

Game seed: 16719832513969982156

41 Descartes the Digger (level 3, 0/26 HPs)
             Began as a Formicid Earth Elementalist on Aug 25, 2019.
             Slain by Sigmund
             ... wielding a +0 scythe of freezing
              (4 damage)
             ... on level 2 of the Dungeon.
             The game lasted 00:07:29 (1505 turns).

Descartes the Digger (Formicid Earth Elementalist)  Turns: 1505, Time: 00:07:29

Health: 0/26       AC:  3    Str: 13    XL:     3   Next: 75%
Magic:  1/6        EV: 12    Int: 14    God:
Gold:   75         SH:  0    Dex: 11    Spells: 6/7 levels left

rFire    . . .     SeeInvis +   h - +0 dagger
rCold    . . .     Gourm    .   (no shield)
rNeg     . . .     Faith    .   c - +0 robe
rPois    .         Spirit   .   (helmet unavailable)
rElec    .         Reflect  .   f - scarf {repulsion}
rCorr    .         Harm     .   j - +0 pair of gloves
MR       .....                  (no boots)
Stlth    ++........             (no amulet)
HPRegen  0.08/turn              (no ring)
MPRegen  0.10/turn              (no ring)

@: very slightly contaminated, invisible, repel missiles
A: permanent stasis, dig shafts and tunnels, four strong arms, antennae 3
a: Dig, Shaft Self


You were on level 2 of the Dungeon.
You were not hungry.

You visited 1 branch of the dungeon, and saw 2 of its levels.

You collected 75 gold pieces.

Inventory:

Hand Weapons
 h - a +0 dagger (weapon)
Missiles
 b - 11 stones
 k - 4 tomahawks (quivered)
 n - 13 arrows
Armour
 c - a +0 robe (worn)
 f - a scarf of repulsion (worn)
 j - a +0 pair of gloves (worn)
Scrolls
 e - a scroll of enchant weapon {unknown}
 m - a scroll of immolation {unknown}
 o - a scroll of fog {unknown}
Potions
 i - a potion of heal wounds {unknown}
Comestibles
 d - 4 rations
 p - 3 chunks of flesh


   Skills:
 + Level 1.2 Fighting
 + Level 1.0 Armour
 + Level 2.1 Dodging
 + Level 2.8 Stealth
 + Level 2.5 Spellcasting
   Level 1.1 Transmutations
 + Level 4.1 Earth Magic


You had 6 spell levels left.
You knew the following spells:

 Your Spells              Type           Power        Failure   Level  Hunger
a - Sandblast             Erth           ##....       4%          1    #......

Your spell library contained the following spells:

 Spells                   Type           Power        Failure   Level  Hunger
 Passwall                 Tmut/Erth      #.......     12%         2    ###....
 Animate Skeleton         Necr           N/A          22%         1    #......
 Apportation              Tloc           #.....       22%         1    #......
 Confusing Touch          Hex            #.....       22%         1    #......
 Summon Small Mammal      Summ           #...         22%         1    #......
 Stone Arrow              Conj/Erth      #.....       28%         3    ###....
 Petrify                  Tmut/Erth      #.......     61%         4    #####..
 Lee's Rapid Deconstruct  Erth           ##........   75%         5    ######.


Dungeon Overview and Level Annotations

Branches:
Dungeon (2/15)

Altars:
Elyvilon

Annotations:
D:2 Sigmund


Innate Abilities, Weirdness & Mutations

You cannot be hasted, slowed, berserked, paralysed or teleported.
You can dig through walls and to a lower floor.
Your four strong arms can wield two-handed weapons with a shield.
You have a pair of large antennae on your head. (SInv)


Message History

Press: ? - help, Shift-Dir - straight line, f/p - Sigmund
Aim: Sigmund, wielding a +0 scythe of freezing and wearing a +2 robe of the Archmagi (moderately wounded)
The blast of sand hits Sigmund.
Sigmund is heavily wounded.
b - 11 stones Sigmund hits you from afar with a +0 scythe of freezing!
Ouch! That really hurt!
Sigmund freezes you.
It was a potion of invisibility.
You fade into invisibility!
You are very lightly contaminated with residual magic.
Sigmund points at something and mumbles some strange words.
It was a potion of haste.
Your stasis prevents you from being hasted.
It was a potion of curing.
You feel better.
Sigmund points at something and mumbles some strange words.
Sigmund hits you from afar with a +0 scythe of freezing!
* * * LOW HITPOINT WARNING * * *
Sigmund freezes you.
You die...

##### #..........##
....#
#................
....# ...............
....#####.............
......................
....##### ............
....#...####.###@....
...)#............#
....#....#.....#@#
##...............#
#.......#.⌠.⌠.#.#
#.....÷.........#
.........#.....#.#
............_....+
.........#.....#.#
.................+
.........#.⌠.⌠.#.#


You could see Sigmund.

Vanquished Creatures
  An adder (D:2)
  3 giant cockroaches (D:1)
  6 goblins
  4 hobgoblins (D:1)
  3 jackals (D:1)
  A kobold (D:2)
  2 ball pythons (D:1)
  3 bats
  4 frilled lizards
  2 rats
29 creatures vanquished.

Notes
Turn   | Place    | Note
-------+----------+-------------------------------------------
     0 | D:1      | Descartes the Formicid Earth Elementalist began the quest
                  | for the Orb.
     0 | D:1      | Reached XP level 1. HP: 13/13 MP: 3/3
   511 | D:1      | Reached XP level 2. HP: 14/20 MP: 3/5
   913 | D:1      | Reached XP level 3. HP: 25/25 MP: 4/6
   944 | D:1      | Reached skill level 1 in Fighting
  1041 | D:1      | Reached skill level 4 in Earth Magic
  1418 | D:2      | Found a white marble altar of Elyvilon.
  1419 | D:2      | Noticed Sigmund
  1422 | D:2      | Reached skill level 1 in Armour
  1505 | D:2      | Slain by Sigmund

Skill      XL: |  1  2  3 |
---------------+----------+-----
Dodging        | 2 |  2.1
Fighting       | 1 |  1.2
Earth Magic    | 4 |  4.1
Armour         | 1 |  1.0
Stealth        | |  2.8
Spellcasting   | |  2.5
Transmutations | |  1.1

Action                   || total
-------------------------++-------
Melee: Unarmed           ||    61
       Dagger            ||    33
 Cast: Sandblast         ||    26
 Abil: Dig               ||     2
  Use: Potion            ||     3
 Stab: Sleeping          ||     1
  Eat: Chunk             ||     3
Armor: Robe              ||    25
Dodge: Dodged            ||    75
